 Dungeon Crawl Stone Soup version 0.22-a0-283-g1871b15 (webtiles) character file.

3111 vishdafish the Chopper (level 10, 0/69 HPs)
             Began as a Formicid Hunter on Mar 18, 2018.
             Was a Follower of the Shining One.
             Slain by a troll (9 damage)
             ... on level 8 of the Dungeon.
             The game lasted 00:19:47 (8048 turns).

vishdafish the Chopper (Formicid Hunter)            Turns: 8048, Time: 00:19:48

Health: 0/69       AC: 12    Str: 19    XL:     10   Next: 13%
Magic:  17/17      EV: 12    Int: 17    God:    the Shining One [*.....]
Gold:   353        SH:  0    Dex: 11    Spells: 15/19 levels left

rFire    . . .     SeeInvis +   v - +2 hand axe (venom)
rCold    + + +     Gourm    .   (no shield)
rNeg     . . .     Faith    .   B - +0 ring mail {rC+}
rPois    +         Spirit   .   (helmet unavailable)
rElec    .         Reflect  .   (no cloak)
rCorr    .         Harm     .   n - +2 pair of gloves
MR       +....                  q - +0 pair of boots
Stlth    +.........             (no amulet)
HPRegen  0.21/turn              J - ring of Wyhel {rPois rC+ Str+4 Int+3}
MPRegen  0.15/turn              y - ring of protection from cold

@: glowing, drained
A: permanent stasis, dig shafts and tunnels, four strong arms, antennae 3,
yellow scales 1, frail 1, weak 1, wild magic 1
a: Dig, Shaft Self, Renounce Religion


You were on level 8 of the Dungeon.
You worshipped the Shining One.
The Shining One was aware of your devotion.
You were hungry.

You visited 1 branch of the dungeon, and saw 8 of its levels.
You also visited: Sewer.

You collected 353 gold pieces.

Inventory:

Hand Weapons
 a - a +1 hand crossbow
 b - a +0 short sword
 p - a +0 hand axe
 v - a +2 hand axe of venom (weapon)
Missiles
 d - 33 bolts
Armour
 c - a +0 leather armour
 g - a +0 ring mail
 m - a +0 plate armour
 n - a +2 pair of gloves (worn)
 q - a +0 pair of boots (worn)
 B - a +0 ring mail of cold resistance (worn)
Jewellery
 y - a ring of protection from cold (right hand)
 H - an uncursed ring of loudness
 J - the ring of Wyhel (left hand) {rPois rC+ Str+4 Int+3}
   (You found it on level 5 of the Dungeon)

   [ring of protection from cold]

   It affects your strength (+4).
   It affects your intelligence (+3).
   It protects you from cold.
   It protects you from poison.
Wands
 t - a wand of enslavement (8)
 G - a wand of polymorph (14)
 M - a wand of flame (4)
Scrolls
 i - 3 scrolls of enchant armour
 j - 3 scrolls of enchant weapon
 k - 3 scrolls of teleportation
 o - 2 scrolls of remove curse
 s - a scroll of random uselessness {unknown}
 D - a scroll of blinking {unknown}
 E - a scroll of fear {unknown}
 I - 2 scrolls of fog
 L - a scroll of immolation
Potions
 h - 6 potions of agility
 l - 5 potions of flight
 r - a potion of berserk rage {unknown}
 u - 2 potions of cancellation
 w - a potion of lignification {unknown}
 x - a potion of curing
 z - 4 potions of brilliance
 A - a potion of ambrosia {unknown}
 C - a potion of magic {unknown}
 F - a potion of degeneration {unknown}
Comestibles
 f - 20 rations


   Skills:
 * Level 6.6(5.9) Fighting
 + Level 7.1(6.5) Axes
 + Level 5.3(4.7) Crossbows
 - Level 5.1(4.4) Armour
 + Level 4.1(3.5) Dodging
 - Level 1.2(0.6) Stealth
 + Level 5.1(4.4) Spellcasting
 - Level 4.2(3.6) Hexes


You had 15 spell levels left.
You knew the following spells:

 Your Spells              Type           Power        Failure   Level  Hunger
a - Confuse               Hex            ###.....     24%         3    ###....
b - Apportation           Tloc           #.....       34%         1    None


Dungeon Overview and Level Annotations

Branches:
Dungeon (8/15)             Temple (0/1) D:5            Lair (0/6) D:8

Altars:
Fedhas
Nemelex Xobeh
Okawaru
Sif Muna
The Shining One

Shops:
D:8 [


Innate Abilities, Weirdness & Mutations

You cannot be hasted, slowed, berserked, paralysed or teleported.
You can dig through walls and to a lower floor.
Your four strong arms can wield two-handed weapons with a shield.
You have a pair of large antennae on your head. (SInv)
You are partially covered in yellow scales. (AC +2)
You are frail. (-10% HP)
You are weak. (Str -2)
Your spells are a little harder to cast, but a little more powerful.


Message History

The troll is moderately wounded.
The troll bites you! The troll claws you! x2
* * * LOW HITPOINT WARNING * * *
Okay, then.
Okay, then.
Okay, then.
You feel better.
The troll looks more healthy.
The troll bites you but does no damage. The troll closely misses you.
The troll claws you!
* * * LOW HITPOINT WARNING * * *
Evoke which item? (* to show all) (? for menu, Esc to quit)
Okay, then.
Evoke which item? (* to show all) (? for menu, Esc to quit)
Aiming: Enslavement
Press: ? - help, Shift-Dir - straight line, f - troll
Aim: a troll (moderately wounded, haloed, chance to defeat MR: 46%)
The troll resists with some effort.
The troll bites you.
* * * LOW HITPOINT WARNING * * *
The troll closely misses you. The troll claws you!
You die...

*,............##.#***,,,,*,*,,
*,.......##.#.....≈≈≈#.,**,**,
****,.......*#)#....≈≈≈≈≈.,*#..##
*,,,,.<.....*#>####...∩≈≈..*#....
*,,,,.?.....*#.# *#≈≈≈≈≈..*#....
,,,,*######..#.# ###.≈≈≈...*#....
***** ##.#.# #....##...##....
*******#####...###....#..........
*,,,,,,.......ZT@...........#....
*,*****###########..#######......
*,* #(..#...#.......<. *,*
#.......#...$..... *,*
###..#########..#### *,*
#...#...#.......# ,,*
#.......#.......# ***
##..#########....#
#..#...#........##


You could see a troll and a wyvern skeleton.

Vanquished Creatures
  Grinder (D:6)
  2 sky beasts (D:6)
  An ice beast (D:6)
  A necrophage (D:6)
  An orc warrior (D:7)
  A phantom (D:4)
  2 centaurs
  4 bullfrogs
  A gnoll sergeant (D:7)
  2 scorpions
  3 wights (D:8)
  2 electric eels (D:8)
  A centaur zombie (D:7)
  A quasit (D:6)
  A bullfrog zombie (D:7)
  A bullfrog skeleton (D:7)
  7 orc priests
  9 hounds
  7 orc wizards
  A centaur skeleton (D:6)
  An iguana (D:8)
  7 worker ants
  A worker ant zombie (D:5)
  17 gnolls
  12 adders
  2 shadow imps
  8 oozes
  7 adder skeletons
  8 worms
  3 dart slugs
  8 leopard geckos
  25 orcs
  18 bats
  11 giant cockroaches
  7 goblins
  7 hobgoblins
  14 jackals
  8 kobolds
  3 quokkas
  3 ball pythons
  A ball python skeleton (D:4)
  2 frilled lizards
  2 goblin skeletons (D:6)
  2 hobgoblin zombies (D:6)
  A kobold skeleton (D:6)
  An orc skeleton (D:6)
  A quokka skeleton (D:5)
  9 rats
238 creatures vanquished.

Notes
Turn   | Place    | Note
-------+----------+-------------------------------------------
     0 | D:1      | vishdafish the Formicid Hunter began the quest for the Orb.
     0 | D:1      | Reached XP level 1. HP: 16/16 MP: 1/1
    82 | D:1      | Reached XP level 2. HP: 23/23 MP: 2/2
   181 | D:1      | Reached skill level 1 in Armour
   340 | D:1      | Reached XP level 3. HP: 28/28 MP: 3/3
   797 | D:2      | Reached XP level 4. HP: 24/35 MP: 4/4
  1140 | D:2      | Found a deep blue altar of Sif Muna.
  1385 | D:3      | Reached skill level 1 in Axes
  1403 | D:3      | Reached XP level 5. HP: 28/41 MP: 5/5
  1737 | D:3      | Reached skill level 2 in Axes
  2303 | D:3      | Learned a level 3 spell: Confuse
  2316 | D:3      | Reached XP level 6. HP: 43/47 MP: 6/6
  2664 | D:3      | Reached skill level 1 in Spellcasting
  2798 | D:3      | Reached skill level 3 in Axes
  3372 | D:4      | Noticed a phantom
  3404 | D:4      | Killed a phantom
  3404 | D:4      | Reached XP level 7. HP: 47/52 MP: 8/10
  3492 | D:4      | Reached skill level 4 in Axes
  4204 | D:5      | Entered Level 5 of the Dungeon
  4291 | D:5      | Reached XP level 8. HP: 58/58 MP: 13/13
  4301 | D:5      | Learned a level 1 spell: Apportation
  4347 | D:5      | Found a glowing drain.
  4362 | Sewer    | Entered a sewer
  4734 | Sewer    | Reached skill level 1 in Hexes
  5170 | D:5      | Reached skill level 5 in Axes
  5276 | D:5      | Got a brightly glowing gossamer ring
  5287 | D:5      | Identified the ring of Wyhel {rPois rC+ Str+4 Int+3} (You found it on level 5 of the Dungeon)
  5304 | D:5      | Found a staircase to the Ecumenical Temple.
  5531 | D:6      | Reached skill level 6 in Axes
  5531 | D:6      | Reached skill level 5 in Armour
  5737 | D:6      | Reached XP level 9. HP: 64/64 MP: 14/14
  5873 | D:6      | Noticed Grinder
  5891 | D:6      | Gained mutation: You are frail. (-10% HP) [potion of mutation]
  5891 | D:6      | Gained mutation: You are weak. (Str -2) [potion of mutation]
  5891 | D:6      | Gained mutation: Your spells are a little harder to cast, but a little more powerful. [potion of mutation]
  5891 | D:6      | Gained mutation: You are partially covered in yellow scales. (AC +2) [potion of mutation]
  5907 | D:6      | Killed Grinder
  6150 | D:6      | Found a glowing golden altar of the Shining One.
  6164 | D:6      | Became a worshipper of the Shining One
  6893 | D:7      | Reached skill level 5 in Fighting
  6909 | D:7      | Found a sparkling altar of Nemelex Xobeh.
  7378 | D:7      | Reached skill level 5 in Crossbows
  7384 | D:7      | Found a blossoming altar of Fedhas.
  7384 | D:7      | Found an iron altar of Okawaru.
  7859 | D:8      | Found Punlaluz's Armour Boutique.
  7864 | D:8      | Reached skill level 7 in Axes
  7915 | D:8      | Reached XP level 10. HP: 49/68 MP: 17/17
  7979 | D:8      | Found a staircase to the Lair.
  7994 | D:8      | Reached * piety under the Shining One
  8011 | D:8      | Reached skill level 5 in Spellcasting
  8048 | D:8      | Slain by a troll

Vault maps used:
D:1:      scummos_arrival_simple_crosswalls
D:2:      led_sif_pool
D:3:      minmay_quantized
D:4:      first_ration, minmay_misc_feat_square
D:5:      minmay_temple_entry_from_below_b, portal_sewer_entry_b
D:6:      nicolae_tso_besieged_by_evil, uniq_grinder
D:7:      amethyst_overflow_temple_binary, kennysheep_mini_moat
D:8:      erik_lair_island, serial_shops, nicolae_shop_waterfront,
          enter_ossuary_3, hangedman_little_slice_of_home,
          hangedman_abyss_or_decor_stagger, kennysheep_generic_room_13
Sewer:    sewer_fruit_machine

Skill      XL: |  1  2  3  4  5  6  7  8  9 10 |
---------------+-------------------------------+-----
Dodging        | 2 3 4 |  4.1
Armour         | 1 2 3 4 5 |  5.1
Fighting       | 3 6 |  6.6
Axes           | 1 2 3 4 6 7 |  7.1
Spellcasting   | 2 3 4 5 |  5.1
Hexes          | 4 |  4.2
Crossbows      | 5 |  5.3
Stealth        | |  1.2

Action                   |  1- 3 |  4- 6 |  7- 9 | 10-12 || total
-------------------------+-------+-------+-------+-------++-------
Melee: Short sword       |    12 |    26 |       |       ||    38
       Hand axe          |       |   216 |   412 |    59 ||   687
 Fire: Hand crossbow     |    82 |    39 |    21 |       ||   142
 Abil: Dig               |       |       |     4 |       ||     4
Evoke: Wand              |       |       |     4 |     1 ||     5
  Use: Scroll            |       |     1 |     7 |     4 ||    12
       Potion            |       |     3 |     4 |     1 ||     8
  Eat: Chunk             |       |     8 |    16 |       ||    24
Armor: Plate armour      |    45 |    39 |       |       ||    84
       Ring mail         |     2 |   152 |   187 |    17 ||   358
Dodge: Dodged            |    17 |   175 |   276 |    41 ||   509

Table legend:
 A = Spawn XP
 B = Non-spawn XP
 C = Spawn XP percentage of total XP
 D = Spawn monster count
 E = Non-spawn monster count
 F = Spawn count percentage of total count
 G = Total turns spent on level
                    A         B        C        D         E        F      G
               +---------+---------+-------+---------+---------+-------+---------
         Total |       0 |    4445 |   0.0 |       0 |     237 |   0.0 |  8048
               +---------+---------+-------+---------+---------+-------+---------
           D:1 |       0 |      30 |   0.0 |       0 |      17 |   0.0 |   644
           D:2 |       0 |      91 |   0.0 |       0 |      21 |   0.0 |   875
           D:3 |       0 |     260 |   0.0 |       0 |      43 |   0.0 |  1660
           D:4 |       0 |     590 |   0.0 |       0 |      31 |   0.0 |  1025
           D:5 |       0 |     267 |   0.0 |       0 |      19 |   0.0 |   967
           D:6 |       0 |    1365 |   0.0 |       0 |      29 |   0.0 |  1062
           D:7 |       0 |    1095 |   0.0 |       0 |      36 |   0.0 |   996
           D:8 |       0 |     645 |   0.0 |       0 |      14 |   0.0 |   191
         Sewer |       0 |     102 |   0.0 |       0 |      27 |   0.0 |   628
               +---------+---------+-------+---------+---------+-------+---------
